Unix NetHack Version 5.0.0-0 post-release - last build Jun 10 2026 00:39:30 (3ee93aec679c4c4259841fe613dc97188e26a321,branch:main).

Game began 2026-06-26 11:35:17, ended 2026-06-26 11:46:08.

ARFwashere, neutral male human Archeologist

     --------      -----
     |.......###   |...|      ---------
     |......|  ##  |...|      +.......|
     |......|   ###-...|      |.......|
     |......|      |...|      |.......|
     |......|      ---.-#     |.......+
     |......-#################........|
     --------           #     |.<.....|
                        #     ---------
                        #
                        +##
                          #
                          #####
                         ######
                     ----.----.----#
                     |............|@
                     |............|@
                     |.............#
                     --------------

ARFwashere the Field Worker  St:13 Dx:11 Co:11 In:17 Wi:13 Ch:10  Neutral
Dlvl:3  $:20 HP:0(28) Pw:8(8) AC:9  Xp:3 T:1132 

Latest messages:
 You swap places with your little dog.
 The little dog drops a glittering spellbook.
 You hit the lichen.
 You miss the lichen.
 You miss the lichen.
 The lichen touches you!
 You kill the lichen!
 The little dog drops a glittering spellbook.
 You hear some noises.
 You hear some noises in the distance.
 The little dog drops a glittering spellbook.
 You swap places with your little dog.
 You see here a glittering spellbook.
 A - a glittering spellbook.
 The werejackal hits!
 You hear the chime of a cash register.
 The werejackal hits!
 The werejackal hits!
 The little dog bites the werejackal.
 The werejackal misses the little dog.
 You hit the werejackal.
 The werejackal hits!
 The little dog misses the werejackal.
 The little dog misses the werejackal.
 The little dog misses the werejackal.
 The little dog bites the werejackal.
 The werejackal misses the little dog.
 What do you want to drink? [qrsvy or ?*] s
 This tastes like slime mold juice.
 Call a cyan potion: fruit juice
 The werejackal hits!
 It misses the werejackal.
 It bites the werejackal.
 The werejackal misses it.
 What do you want to drink? [qrvy or ?*] ?
 Yecch!  This stuff tastes like poison.
 (But in fact it was mildly stale slime mold juice.)
 The werejackal hits!
 It bites the werejackal.
 The werejackal hits it.
 It misses the werejackal.
 What do you want to drop? [$a-ik-mpquvx-zA or ?*] m
 You drop an uncursed scroll of scare monster.
 The werejackal hits!
 You die...
 Do you want your possessions identified? [ynq] (y) n
 Do you want to see your attributes? [ynq] (y) n
 Do you want an account of creatures vanquished? [ynaq] (y) n
 Do you want to see your conduct and achievements? [ynq] (y) n
 Do you want to see the dungeon overview? [ynq] (y) n

Inventory:
 Coins    ('$')
  $ - 20 gold pieces
 Weapons  (')')
  a - a +2 bullwhip
 Armor    ('[')
  c - an uncursed +0 fedora (being worn)
  b - an uncursed +0 leather jacket (being worn)
 Comestibles  ('%')
  l - an uncursed carrot
  d - 4 uncursed food rations
  k - an uncursed pancake
 Scrolls  ('?')
  x - a cursed scroll of food detection
  z - an uncursed scroll of identify
 Spellbooks  ('+')
  A - an uncursed spellbook of haste self
 Potions  ('!')
  y - an uncursed potion of blindness
  q - an uncursed potion of gain energy
  v - a cursed potion of sleeping named cursed?
 Wands    ('/')
  u - a wand of digging (0:7)
  p - a wand of nothing (0:6)
 Tools    ('(')
  h - an uncursed sack containing 1 item
  e - a +0 pick-axe (weapon in right hand)
  i - an uncursed tin opener
  f - a tinning kit (0:39)
 Gems/Stones  ('*')
  g - an uncursed touchstone

Contents of the sack:
  1658 gold pieces

ARFwashere the Archeologist's attributes:

Background:
 You were a Field Worker, a level 3 male human Archeologist.
 You were neutral, on a mission for Camaxtli
 who was opposed by Quetzalcoatl (lawful) and Huhetotl (chaotic).
 You were right-handed.
 You were in the Dungeons of Doom, on level 3.
 You entered the dungeon 1132 turns ago.
 You had 49 experience points, 31 more were needed to attain level 4.

Basics:
 You had 0 out of 28 hit points.
 You had all 8 energy points (spell power).
 Your armor class was 9.
 Your wallet contained 20 zorkmids, and
 you had 1658 more stashed away in your pack.
 Autopickup was on for '$' plus thrown.

Final Characteristics:
 Your strength was 13 (limit:18/100).
 Your dexterity was 11 (limit:18).
 Your constitution was 11 (limit:18).
 Your intelligence was 17 (limit:18).
 Your wisdom was 13 (limit:18).
 Your charisma was 10 (limit:18).

Final Status:
 You weren't hungry.
 You were unencumbered.
 You were wielding a pick-axe.
 You had basic skill with pick-axe.

Final Attributes:
 You were fervently aligned.
 You saw invisible.
 You had automatic searching.
 You were lucky.
 You are dead.

Miscellaneous:
 You didn't encounter any bones levels.
 Total elapsed playing time was 10 minutes and 51 seconds.

Major events:
 Turn
    1: ARFwashere the neutral male human Archeologist entered the dungeon
  901: attained the rank of Field Worker (level 3)
 1132: killed by a werejackal

You didn't know any spells.

Skills:
 Fighting Skills
   bare handed combat [Unskilled]
   two weapon combat  [Unskilled]
   riding             [Unskilled]
 Weapon Skills
   dagger             [Unskilled]
   knife              [Unskilled]
   pick-axe           [Basic]
   short sword        [Unskilled]
   saber              [Unskilled]
   club               [Unskilled]
   quarterstaff       [Unskilled]
   sling              [Unskilled]
   dart               [Unskilled]
   boomerang          [Unskilled]
   whip               [Basic]
   unicorn horn       [Unskilled]
 Spellcasting Skills
   attack spells      [Unskilled]
   healing spells     [Unskilled]
   divination spells  [Unskilled]
   matter spells      [Unskilled]

Voluntary challenges:
 Character rerolling was not enabled.
 You never genocided any monsters.
 You never polymorphed an object.
 You never changed form.
 You used no wishes.
Achievements:
 You entered a shop.
 You attained the rank of Field Worker.

 The Dungeons of Doom: levels 1 to 3
    Level 1:
       A fountain.
    Level 2:
       A general store, an altar.
    Level 3: <- You were here.
       Final resting place for
          you, killed by a werejackal.


Vanquished creatures:
  2 coyotes
  a brown mold
  a gecko
  a fox
  2 kobolds
  4 goblins
  4 sewer rats
  2 grid bugs
  5 lichens
  a newt
23 creatures vanquished.

No species were genocided or became extinct.

Game over:
                       ----------
                      /          \
                     /    REST    \
                    /      IN      \
                   /     PEACE      \
                  /                  \
                  |    ARFwashere    |
                  |     1678 Au      |
                  |   killed by a    |
                  |    werejackal    |
                  |                  |
                  |                  |
                  |       2026       |
                 *|     *  *  *      | *
        _________)/\\_//(\/(/\)/\//\/|_)_______

Goodbye ARFwashere the Archeologist...

You died in The Dungeons of Doom on dungeon level 3 with 1817 points,
and 1678 pieces of gold, after 1132 moves.
You were level 3 with a maximum of 28 hit points when you died.

